 Dungeon Crawl Stone Soup version 0.30-a0-465-g8901f6c8b5 (webtiles) character file.

Game seed: 1622637372158424420

43 oldriver the Vexing (level 3, -9/27 HPs)
             Began as a Barachi Hexslinger on Dec 18, 2022.
             Mangled by a gnoll
             ... wielding a +0 flail
              (10 damage)
             ... on level 1 of the Dungeon.
             The game lasted 00:01:05 (728 turns).

oldriver the Vexing (Barachi Hexslinger)             Turns: 728, Time: 00:01:06

Health: -9/27      AC:  2    Str: 11    XL:     3   Next: 58%
Magic:  5/5        EV: 12    Int: 13    God:
Gold:   35         SH:  0    Dex: 14    Spells: 4/5 levels left

rFire   . . .      SeeInvis .    a - +1 sling
rCold   . . .      Faith    .    (no shield)
rNeg    . . .      Spirit   .    c - +0 robe
rPois   .          Reflect  .    (no helmet)
rElec   .          Harm     .    (no cloak)
rCorr   .          Rampage  .    (no gloves)
Will    .....                    (no boots)
Stlth   +.........               (no amulet)
HPRegen 0.24/turn                (no ring)
MPRegen 0.09/turn                (no ring)

@: about to teleport, unable to hop, slow
A: amphibious, slowness 1, strong legs 1, +LOS
a: Hop


You were on level 1 of the Dungeon.
You visited 1 branch of the dungeon, and saw 1 of its levels.

You collected 35 gold pieces.

Inventory:

Hand Weapons
 a - a +1 sling (weapon)
 e - a +1 dagger of venom
Armour
 c - a +0 robe (worn)
Jewellery
 f - a ring of wizardry
Scrolls
 b - a scroll of poison
 d - a scroll of teleportation


   Skills:
 + Level 2.1 Fighting
 * Level 3.1 Ranged Weapons
 - Level 2.1 Dodging
 + Level 1.8 Spellcasting
 - Level 3.2 Hexes


You had 4 spell levels left.
You knew the following spells:

 Your Spells              Type           Power      Damage    Failure   Level
a - Slow                  Hex            36%        N/A       7%          1

Your spell library contained the following spells:

 Spells                   Type           Power      Damage    Failure   Level
 Ensorcelled Hibernation  Hex/Ice        10%        N/A       21%         2
 Passwall                 Tmut/Erth      0%         N/A       36%         2
 Inner Flame              Hex/Fire       5%         N/A       36%         3
 Portal Projectile        Hex/Tloc       10%        N/A       36%         3
 Cause Fear               Hex            4%         N/A       54%         4
 Swiftness                Air            1%         N/A       61%         3


Dungeon Overview and Level Annotations

Branches:
Dungeon (1/15)

Altars:


Innate Abilities, Weirdness & Mutations

You are amphibious.
You cover ground slowly.
You can hop short distances.
You have an extended range of vision and can be seen from far away.


Message History

The gnoll shouts!
A gnoll is nearby!
A gnoll is nearby!
A gnoll is nearby!
You shoot a sling bullet. The sling bullet hits the gnoll.
The gnoll is lightly wounded.
The gnoll closely misses you.
You shoot a sling bullet.
The sling bullet barely misses the gnoll.
You are ready to hop once more.
The gnoll misses you.
You shoot a sling bullet. The sling bullet hits the gnoll.
The gnoll is moderately wounded.
The gnoll hits you with a +0 flail! The gnoll barely misses you.
Hop to where?
Press: ? - help, Dir - move target, p - gnoll Boing!
Unknown command.
You shoot a sling bullet.
The sling bullet barely misses the gnoll.
You shoot a sling bullet.
The sling bullet hits the gnoll but does no damage.
The gnoll is moderately wounded.
You shoot a sling bullet.
The sling bullet barely misses the gnoll.
You shoot a sling bullet.
The sling bullet closely misses the gnoll.
You shoot a sling bullet.
The sling bullet hits the gnoll but does no damage.
The gnoll is moderately wounded.
The gnoll hits you with a +0 flail. x2
You shoot a sling bullet.
The sling bullet hits the gnoll but does no damage.
The gnoll is moderately wounded.
The gnoll hits you with a +0 flail!
* * * LOW HITPOINT WARNING * * *
As you read the scroll labelled PIFA TIAMY, it crumbles to dust.
You feel strangely unstable.
It was a scroll of teleportation.
The gnoll hits you with a +0 flail!
You die...

## #.....#.....# .#
####.....#####.. .#
#........# #
.#########...#.####
.#.......#...#.#
......)..#...#.######
.........#..........###.#
........................#
..#......#......@g..#####
(.#......#^.####...#...#
..##....##.#####.###.#.#
..##....##...........#.#
...##..##..#.##.######.#
...##..##....#.........#
....####...###.....#####
....####..## #.###.#
..#..##..## #.....#


You could see a gnoll.

Vanquished Creatures
  A ball python (D:1)
  3 endoplasms (D:1)
  3 giant cockroaches (D:1)
  2 hobgoblins (D:1)
  10 jackals (D:1)
  2 quokkas (D:1)
  2 bats (D:1)
  4 frilled lizards (D:1)
  4 goblins (D:1)
  2 kobolds (D:1)
  4 rats (D:1)
37 creatures vanquished.

Notes
Turn   | Place    | Note
-------+----------+-------------------------------------------
     0 | D:1      | oldriver the Barachi Hexslinger began the quest for the
                  | Orb.
     0 | D:1      | Reached XP level 1. HP: 15/15 MP: 2/2
   140 | D:1      | Reached XP level 2. HP: 21/21 MP: 4/4
   295 | D:1      | Reached XP level 3. HP: 27/27 MP: 5/5
   727 | D:1      | HP: 1/27 [gnoll/+0 flail (13)]
   728 | D:1      | Mangled by a gnoll

Illustrated notes

Levels and vault maps discovered:
D:1:      mushboom_english_gardens, layout_basic, minivault_4,
          minmay_misc_feat_five, minmay_misc_feat_x

Skill      XL: |  1  2  3 |
---------------+----------+-----
Fighting       | 2 |  2.1
Ranged Weapons | 3 |  3.1
Dodging        | |  2.1
Spellcasting   | |  1.8
Hexes          | |  3.2

Action                   || total
-------------------------++-------
 Fire: Sling             ||   120
 Abil: Hop               ||     4
  Use: Scroll            ||     1
Armor: Robe              ||    13
Dodge: Dodged            ||    34

Table legend: (Time is in decaauts)
 A = Elapsed time spent in this place.
 B = Non-inter-level travel time spent in this place.
 C = Inter-level travel time spent in this place.
 D = Time resting spent in this place.
 E = Time spent auto-exploring this place.
 F = Levels seen in this place.
 G = Mean time per level.
                   A        B        C        D        E       F      G
               +--------+--------+--------+--------+--------+-----+--------+
         Total |    839 |    832 |      7 |    159 |    473 |   1 |  839.0 |
       Dungeon |    839 |    832 |      7 |    159 |    473 |   1 |  839.0 |
               +--------+--------+--------+--------+--------+-----+--------+

Top non-repeatable levels by time:
     D:1: 839 daAuts
